 Dungeon Crawl Stone Soup version 0.31-a0-819-gf6de2f5ab6 (webtiles) character file.

Game seed: 13666936831224650295

4 qw the Shooter (level 1, -2/12 HPs)
             Began as a Gargoyle Hunter on Sept 23, 2023.
             Slain by a kobold
             ... wielding a +3 short sword of draining
              (7 damage)
             ... on level 1 of the Dungeon.
             The game lasted 00:00:02 (42 turns).

qw the Shooter (Gargoyle Hunter)                      Turns: 42, Time: 00:00:02

Health: -2/12      AC:  5    Str: 14    XL:     1   Next: 60%
Magic:  1/1        EV: 11    Int:  9    God:
Gold:   0          SH:  0    Dex: 13    Spells: 0/0 levels left

rFire   . . .        a - +0 shortbow
rCold   . . .        (shield currently unavailable)
rNeg    + . .        c - +0 leather armour
rPois   inf          (no helmet)
rElec   +            (no cloak)
rCorr   .            (no gloves)
SInv    .            (no boots)
Will    .....        (no amulet)
Stlth   +            (no ring)
HPRegen 0.22/turn    (no ring)
MPRegen 0.07/turn

%: no passive effects
@: no status effects
A: sickness immunity, AC +2, negative energy resistance 1, electricity
resistance, torment resistance 1, petrification resistance
a: no special abilities


You were on level 1 of the Dungeon.
You visited 1 branch of the dungeon, and saw 1 of its levels.


Innate Abilities, Weirdness & Mutations

You are immune to sickness and miasma.
Your stone body is resilient. (AC +2)
You are immune to poison.
You resist negative energy. (rN+)
You are resistant to electric shocks. (rElec)
You are resistant to unholy torment.
You are immune to petrification.


   Skills:
 - Level 2.1 Fighting
 + Level 4.2 Ranged Weapons
 - Level 1.5 Dodging
 - Level 1.1 Stealth


You couldn't memorise any spells.
You didn't know any spells.
Your spell library was empty.

Inventory:

Hand Weapons
 a - a +0 shortbow (weapon)
Armour
 c - a +0 leather armour (worn)
Scrolls
 b - a scroll of butterflies

Dungeon Overview and Level Annotations

Branches:
Dungeon (1/15)

Altars:


Message History

The kobold closely misses you.
You shoot an arrow. The arrow closely misses the kobold.
The kobold hits you with a +0 short sword.
You shoot an arrow. The arrow barely misses the kobold.
The arrow hits the kobold but does no damage.
The kobold barely misses you.
You shoot an arrow. The arrow hits the kobold.
You kill the kobold!
The kobold barely misses you.
You shoot an arrow.
The arrow hits the kobold but does no damage.
The kobold barely misses you.
You shoot an arrow. The arrow closely misses the kobold.
The arrow barely misses the kobold.
The kobold hits you with a +3 short sword of draining.
Ouch! That really hurt!
You shoot an arrow. The arrow closely misses the kobold.
The arrow hits the kobold!
You kill the kobold!
The kobold hits you with a +3 short sword of draining.
You shoot an arrow. The arrow completely misses the kobold.
The kobold closely misses you.
You shoot an arrow. The arrow closely misses the kobold.
The kobold hits you with a +3 short sword of draining.
The kobold misses you.
You shoot an arrow. The arrow barely misses the kobold.
The kobold closely misses you.
You shoot an arrow. The arrow hits the kobold.
The kobold is moderately wounded.
The kobold hits you but does no damage.
You shoot an arrow. The arrow closely misses the kobold.
The arrow closely misses the rat.
The kobold hits you but does no damage.
You shoot an arrow.
The arrow hits the kobold but does no damage.
The kobold is moderately wounded.
The kobold closely misses you.
The kobold hits you with a +3 short sword of draining!
Ouch! That really hurt!
You die...

#..#~~~#..#
#..#~~S#..#
#..#####..#
#.........#
#.........#
####...#####
###....##.####
#........#...#
....#######.##@#
.#.# #.#.#K# ...
... ..r. .# #.#
.#.#. ...
....... #.# )#
#.#.#. .. ..
....... .# #.#
.#


You could see a kobold and a rat.

Vanquished Creatures
  A hobgoblin (D:1)
  3 kobolds (D:1)
4 creatures vanquished.

Notes
Turn   | Place    | Note
-------+----------+-------------------------------------------
     0 | D:1      | qw the Gargoyle Hunter began the quest for the Orb.
     0 | D:1      | Reached XP level 1. HP: 12/12 MP: 1/1
     0 | D:1      | 0 ||| qw: Version: 0.3-a-83-gcd0e7d8
     0 | D:1      | 0 ||| qw: Game counter: 1517
     0 | D:1      | 0 ||| qw: Melee chars always use a shield: true
     0 | D:1      | 0 ||| qw: God list: Okawaru
     0 | D:1      | 0 ||| qw: Allow faded altars: false
     0 | D:1      | 0 ||| qw: Do Orc after clearing Dungeon:15 true
     0 | D:1      | 0 ||| qw: Do second Lair branch before Depths: true
     0 | D:1      | 0 ||| qw: Lair rune preference: random
     0 | D:1      | 0 ||| qw: Goals: Normal
     0 | D:1      | 0 ||| PLANNING D:1-11
     1 | D:1      | Noticed an electric eel
    42 | D:1      | Slain by a kobold

Levels and vault maps discovered:
D:1:      arrival_aquarium_a, layout_loops_ring, serial_bayou,
          serial_bayou_pond_d, serial_bayou_shore_a, serial_bayou_pond_e,
          serial_bayou_pond_c, hellmonk_ecumenical_altar_leap_of_faith,
          serial_park_tiny_1, roderic_lattice_a, st_stairs_11

Action                     || total
---------------------------++-------
   Fire: Shortbow          ||    19
 Armour: Leather armour    ||     7
  Dodge: Dodged            ||     9

Table legend:
 A = Non-vault XP
 B = Vault XP
 C = Vault XP percentage of total XP
 D = Non-vault monster count
 E = Vault monster count
 F = Vault count percentage of total count
                 A         B        C        D         E       F
            +---------+---------+-------+---------+---------+-------
      Total |       2 |       4 |  66.7 |       1 |       3 |  75.0
            +---------+---------+-------+---------+---------+-------
        D:1 |       2 |       4 |  66.7 |       1 |       3 |  75.0
            +---------+---------+-------+---------+---------+-------
